 Dungeon Crawl Stone Soup version 0.31-a0-692-gf03d1854d5 (webtiles) character file.

Game seed: 1028434857154955532

60 qw the Shooter (level 4, -6/28 HPs)
             Began as a Gargoyle Hunter on Sept 6, 2023.
             Mangled by Terence
             ... wielding a +0 flail
              (9 damage)
             ... on level 3 of the Dungeon.
             The game lasted 00:00:39 (1626 turns).

qw the Shooter (Gargoyle Hunter)                    Turns: 1626, Time: 00:00:39

Health: -6/28      AC:  6    Str: 15    XL:     4   Next: 4%
Magic:  4/4        EV: 11    Int:  9    God:
Gold:   113        SH:  0    Dex: 15    Spells: 3/3 levels left

rFire   . . .        Y - +0 shortbow
rCold   . . .        (shield currently unavailable)
rNeg    + . .        c - +0 leather armour
rPois   inf          (no helmet)
rElec   +            (no cloak)
rCorr   .            (no gloves)
SInv    .            (no boots)
Will    .....        f - amulet of faith
Stlth   ++           (no ring)
HPRegen 0.24/turn    (no ring)
MPRegen 0.09/turn

%: faith
@: about to teleport
A: sickness immunity, AC +3, negative energy resistance 1, electricity
resistance, torment resistance 1, petrification resistance
a: no special abilities


You were on level 3 of the Dungeon.
You visited 1 branch of the dungeon, and saw 3 of its levels.

You collected 113 gold pieces.


Innate Abilities, Weirdness & Mutations

You are immune to sickness and miasma.
Your stone body is resilient. (AC +3)
You are immune to poison.
You resist negative energy. (rN+)
You are resistant to electric shocks. (rElec)
You are resistant to unholy torment.
You are immune to petrification.


   Skills:
 - Level 3.0 Fighting
 + Level 5.1 Ranged Weapons
 - Level 1.5 Dodging
 - Level 1.1 Stealth


You had 3 spell levels left.
You didn't know any spells.
Your spell library was empty.

Inventory:

Hand Weapons
 Y - a +0 shortbow (weapon)
Armour
 c - a +0 leather armour (worn)
Jewellery
 b - an amulet of the acrobat
 f - an amulet of faith (around neck)
Scrolls
 a - a scroll of identify
Potions
 d - a potion of magic {unknown}
 e - a potion of cancellation
 i - a potion of lignification {unknown}

Dungeon Overview and Level Annotations

Branches:
Dungeon (3/15)

Altars:

Annotations:
D:3 Terence


Message History

The arrow barely misses the frilled lizard.
The frilled lizard barely misses you.
You shoot an arrow.
The arrow closely misses the frilled lizard.
The frilled lizard bites you but does no damage.
You shoot an arrow.
The arrow closely misses the frilled lizard.
The frilled lizard barely misses you.
You shoot an arrow. The arrow hits the frilled lizard!
You kill the frilled lizard!
You see here a frilled lizard corpse.
g - a scroll of teleportation
Found a stone staircase leading down.
There is a stone staircase leading down here.
There is a stone staircase leading down here.
Found a plate armour.
Terence the Incautious comes into view.
He is wielding a +0 flail and carrying a wand of flame.
You shoot an arrow. The arrow hits Terence!
Terence shouts!
Terence is moderately wounded.
Terence zaps a wand.
The puff of flame hits you!
You shoot an arrow. The arrow hits Terence!
Terence is almost dead.
Terence zaps a wand.
The puff of flame hits you!
You shoot an arrow.
The arrow hits Terence but does no damage.
Terence is almost dead.
You shoot an arrow. The arrow barely misses Terence.
You shoot an arrow. The arrow hits Terence.
Terence is almost dead.
You shoot an arrow. The arrow closely misses Terence.
Terence zaps a wand.
The puff of flame hits you!
1625 ||| READING scroll of teleportation.
As you read the scroll of teleportation, it crumbles to dust.
You feel strangely unstable. Terence looks scornfully at you.
You shoot an arrow. The arrow hits Terence.
Terence is almost dead.
Terence hits you with a +0 flail!
You die...

##.##.......
#.######### #.#
#.# ########.###
#### #..........#
.....##.######..##
#..@..######.#
#@.....##.#
#.####....######
#+# ###.......#
.####...###.#
[.......>###.#
..#######....#
#.###### #.#.....
#.#.....


You could see Terence.

Vanquished Creatures
  An adder (D:2)
  A worm (D:2)
  A dart slug (D:2)
  5 bats
  2 endoplasms (D:1)
  3 giant cockroaches
  5 goblins
  3 hobgoblins
  4 jackals (D:2)
  4 kobolds (D:1)
  2 quokkas (D:1)
  4 ball pythons
  5 frilled lizards
  3 rats
43 creatures vanquished.

Notes
Turn   | Place    | Note
-------+----------+-------------------------------------------
     0 | D:1      | qw the Gargoyle Hunter began the quest for the Orb.
     0 | D:1      | Reached XP level 1. HP: 12/12 MP: 1/1
     0 | D:1      | 0 ||| qw: Version: 0.3-a-76-g4403597
     0 | D:1      | 0 ||| qw: Game counter: 246
     0 | D:1      | 0 ||| qw: Melee chars always use a shield: true
     0 | D:1      | 0 ||| qw: God list: Okawaru
     0 | D:1      | 0 ||| qw: Allow faded altars: false
     0 | D:1      | 0 ||| qw: Do Orc after clearing Dungeon:15 true
     0 | D:1      | 0 ||| qw: Do second Lair branch before Depths: true
     0 | D:1      | 0 ||| qw: Lair rune preference: random
     0 | D:1      | 0 ||| qw: Goals: Normal
     0 | D:1      | 0 ||| PLANNING D:1-11
    83 | D:1      | Reached XP level 2. HP: 17/17 MP: 2/2
   322 | D:1      | Reached XP level 3. HP: 21/21 MP: 3/3
   553 | D:1      | 553 ||| UPGRADING to amulet of faith.
   558 | D:1      | 558 ||| READING 2 scrolls labelled EGUMOI OCIRI.
   559 | D:1      | 559 ||| READING scroll labelled ZINWEL ODAUMN.
   560 | D:1      | 560 ||| READING scroll labelled PEIHIAGUASS.
   561 | D:1      | 561 ||| DROPPING scroll of butterflies.
   668 | D:2      | Reached skill level 5 in Ranged Weapons
   886 | D:2      | Found a faded altar of an unknown god.
   952 | D:2      | Reached skill level 3 in Fighting
  1242 | D:2      | Reached XP level 4. HP: 18/28 MP: 4/4
  1495 | D:2      | 1495 ||| DROPPING ring of magical power.
  1496 | D:2      | 1496 ||| READING scroll labelled WITABEARRU.
  1500 | D:2      | 1500 ||| READING scroll labelled KUSAPR KI LYM.
  1501 | D:2      | 1501 ||| READING 2 scrolls of identify.
  1501 | D:2      | 1501 ||| IDENTIFYING fizzy blue potion
  1618 | D:3      | Noticed Terence
  1624 | D:3      | HP: 3/28 [Terence/puff of flame (9)]
  1625 | D:3      | 1625 ||| READING scroll of teleportation.
  1626 | D:3      | Mangled by Terence

Levels and vault maps discovered:
D:1:      wander_arrival_peaceful_grave, layout_rooms, serial_forest,
          infiniplex_forest_straight_2, infiniplex_forest_straight_3,
          infiniplex_forest_lined_3_way, infiniplex_forest_end_2,
          infiniplex_forest_side_room, infiniplex_forest_straight_4,
          infiniplex_forest_zigzag_1
D:2:      layout_loops_corners, shapermc_ecumenical_altar_gd
D:3:      layout_basic, mainiacjoe_overflow_brackets, lemuel_doored_altar,
          uniq_ijyb, uniq_jessica, uniq_terence

Skill      XL: |  1  2  3 |
---------------+----------+-----
Ranged Weapons | 5 |  5.1
Fighting       | 3 |  3.0
Dodging        | |  1.5
Stealth        | |  1.1

Action                     |  1- 3 |  4- 6 || total
---------------------------+-------+-------++-------
   Fire: Shortbow          |   143 |    13 ||   156
    Use: Scroll            |     3 |     4 ||     7
 Armour: Leather armour    |    34 |     5 ||    39
  Dodge: Dodged            |    58 |     2 ||    60

Table legend:
 A = Non-vault XP
 B = Vault XP
 C = Vault XP percentage of total XP
 D = Non-vault monster count
 E = Vault monster count
 F = Vault count percentage of total count
                 A         B        C        D         E       F
            +---------+---------+-------+---------+---------+-------
      Total |      86 |       0 |   0.0 |      43 |       0 |   0.0
            +---------+---------+-------+---------+---------+-------
        D:1 |      38 |       0 |   0.0 |      24 |       0 |   0.0
        D:2 |      47 |       0 |   0.0 |      18 |       0 |   0.0
        D:3 |       1 |       0 |   0.0 |       1 |       0 |   0.0
            +---------+---------+-------+---------+---------+-------
